 Dungeon Crawl Stone Soup version 0.30-a0-782-ge64f9170bb (webtiles) character file.

Game seed: 276106470615801285

168 HunieBunnie the Shooter (level 5, 0/28 (29) HPs)
             Began as a Deep Elf Hexslinger on Mar 2, 2023.
             Slain by a gnoll sergeant
             ... wielding a +1 vampiric spear
              (8 damage)
             ... on level 4 of the Dungeon.
             The game lasted 00:15:36 (2257 turns).

HunieBunnie the Shooter (Deep Elf Hexslinger)       Turns: 2257, Time: 00:15:37

HP:   0/28 (29)     AC:  2    Str:  7    XL:     5   Next: 24%
MP:   8/11          EV: 13    Int: 18    God:
Gold: 155           SH:  0    Dex: 17    Spells: 9/10 levels left

rFire   . . .      SeeInvis .    a - +1 sling
rCold   . . .      Faith    .    (no shield)
rNeg    . . .      Spirit   .    c - +0 robe
rPois   .          Reflect  .    (no helmet)
rElec   .          Harm     .    (no cloak)
rCorr   .          Rampage  .    (no gloves)
Will    .....                    (no boots)
Stlth   ++                       u - amulet of the acrobat
HPRegen 0.24/turn                e - ring of flight
MPRegen 0.12/turn                (no ring)

@: flying, lightly drained
A: no striking features
a: no special abilities


You were on level 4 of the Dungeon.
You visited 1 branch of the dungeon, and saw 4 of its levels.

You collected 155 gold pieces.

Inventory:

Hand Weapons
 a - a +1 sling (weapon)
Armour
 c - a +0 robe (worn)
Jewellery
 e - a ring of flight (left hand)
 u - an amulet of the acrobat (around neck)
Scrolls
 b - a scroll of poison
 f - a scroll of vulnerability
 g - a scroll of magic mapping
 j - a scroll of butterflies {unknown}
 k - 4 scrolls of enchant armour {unknown}
 l - a scroll of fear {unknown}
 m - 2 scrolls of immolation {unknown}
 n - a scroll of torment {unknown}
 p - 2 scrolls of teleportation {unknown}
 q - a scroll of fog {unknown}
 v - a scroll of identify
Potions
 d - a potion of attraction
 h - a potion of mutation {unknown}
 i - a potion of flight {unknown}
 o - a potion of curing {unknown}
 r - a potion of heal wounds {unknown}
 s - a potion of cancellation {unknown}
 t - a potion of lignification {unknown}
 w - a potion of haste {unknown}


   Skills:
 + Level 1.3 Fighting
 + Level 5.9 Ranged Weapons
 + Level 2.5 Dodging
 + Level 0.4 Stealth
 + Level 3.1 Spellcasting
 + Level 4.6 Hexes


You had 9 spell levels left.
You knew the following spells:

 Your Spells              Type           Power      Damage    Failure   Level
a - Slow                  Hex            76%        N/A       2%          1

Your spell library contained the following spells:

 Spells                   Type           Power      Damage    Failure   Level
 Inner Flame              Hex/Fire       11%        N/A       19%         3
 Portal Projectile        Hex/Tloc       22%        N/A       19%         3
 Cause Fear               Hex            9%         N/A       24%         4


Dungeon Overview and Level Annotations

Branches:
Dungeon (4/15)
 Temple: D:4-7

Altars:


Message History

Fire: a) +1 sling
Press: ? - help, Q - select action, (/) - cycle Shift-Dir - straight line, f/p - gnoll
Aim: a gnoll, wielding a +0 spear (severely wounded, slow, 64% to hit)
You shoot a sling bullet. The sling bullet hits the gnoll.
You kill the gnoll!
Casting: Slow (safe; 2% risk of failure)
Confirm with . or Enter, or press ? or * to list all spells.
Aiming: Slow (safe; 2% risk of failure)
Press: ? - help, Shift-Dir - straight line, f - gnoll
Aim: a gnoll, wielding a +1 whip of draining (chance to affect: 61%)
The gnoll seems to slow down.
You shoot a sling bullet. The sling bullet hits the gnoll!
The gnoll is heavily wounded.
The gnoll hits you with a +1 whip of draining!
You feel drained.
Fire: a) +1 sling
Press: ? - help, Q - select action, (/) - cycle Shift-Dir - straight line, f/p - gnoll
Aim: a gnoll, wielding a +1 whip of draining (heavily wounded, slow, 64% to hit)
You shoot a sling bullet. The sling bullet hits the gnoll!
You kill the gnoll!
The gnoll barely misses you.
Casting: Slow (safe; 2% risk of failure)
Confirm with . or Enter, or press ? or * to list all spells.
Aiming: Slow (safe; 2% risk of failure)
Press: ? - help, Shift-Dir - straight line, f - gnoll
Aim: a gnoll, wielding a +0 flail (chance to affect: 61%)
The gnoll seems to slow down.
The gnoll sergeant hits you from afar with a +1 vampiric spear!
* * * LOW HITPOINT WARNING * * *
Okay, then.
Fire: a) +1 sling
Press: ? - help, Q - select action, (/) - cycle Shift-Dir - straight line, f/p - gnoll
Aim: a gnoll, wielding a +0 flail (slow, 64% to hit)
You shoot a sling bullet.
The sling bullet barely misses the gnoll.
The sling bullet hits the gnoll sergeant.
The gnoll sergeant is lightly wounded.
The gnoll closely misses you.
The gnoll sergeant hits you from afar with a +1 vampiric spear!
You die...

..#......#
#.......#####.
#........#
#.......#.....
#........# #.........#
#..####### #...(.....#
#..# #####.....# ...#
#.....# ##.###########
#.....#
..#.........####.....#
.............gg@....>#
..........###....##
..≈≈≈≈.≈≈≈≈#######
..≈##≈.≈##≈# ##
##g###≈# #.( #≈≈# #..
#≈≈# #.$ #≈≈# ### ##≈#


You could see a gnoll sergeant and a gnoll (slow).

Vanquished Creatures
  A jelly (D:4)
  2 gnolls (D:4)
  6 adders
  A worm (D:2)
  3 dart slugs
  An orc (D:3)
  6 bats
  7 endoplasms
  A giant cockroach (D:1)
  2 goblins (D:3)
  7 hobgoblins
  3 jackals (D:2)
  5 kobolds
  3 quokkas
  3 ball pythons
  2 frilled lizards
  3 rats
56 creatures vanquished.

Notes
Turn   | Place    | Note
-------+----------+-------------------------------------------
     0 | D:1      | HunieBunnie the Deep Elf Hexslinger began the quest for the
                  | Orb.
     0 | D:1      | Reached XP level 1. HP: 11/11 MP: 5/5
   184 | D:1      | Reached skill level 3 in Ranged Weapons
   198 | D:1      | Reached XP level 2. HP: 16/16 MP: 6/6
   526 | D:1      | You fall into a shaft and drop 1 floor!
   636 | D:2      | Reached skill level 1 in Fighting
   640 | D:2      | Reached XP level 3. HP: 16/20 MP: 4/7
   758 | D:2      | Reached skill level 4 in Ranged Weapons
   891 | D:2      | HP: 1/20 [poisoned by an adder]
  1054 | D:2      | Reached XP level 4. HP: 25/25 MP: 10/10
  2098 | D:4      | Reached skill level 5 in Ranged Weapons
  2130 | D:4      | Reached XP level 5. HP: 29/29 MP: 11/11
  2257 | D:4      | Slain by a gnoll sergeant

Illustrated notes

Levels and vault maps discovered:
D:1:      dpeg_arrival_short_road, layout_loops_ring, hangedman_decor_push
D:2:      layout_rooms, kennysheep_donut, kennysheep_generic_room_9
D:3:      layout_basic, interstate_on_off, minmay_fractal_squares_diagonal_5
D:4:      minmay_polygon_palace, layout_basic, lightli_minifort, uniq_grinder

Skill      XL: |  1  2  3  4 |
---------------+-------------+-----
Ranged Weapons | 3 4 5 |  5.9
Fighting       | 1 |  1.3
Spellcasting   | 2 3 |  3.1
Dodging        | |  2.5
Stealth        | |  0.4
Hexes          | |  4.6

Action                     |  1- 3 |  4- 6 || total
---------------------------+-------+-------++-------
   Fire: Sling             |   112 |    93 ||   205
   Cast: Slow              |    31 |    10 ||    41
    Use: Scroll            |     2 |     1 ||     3
 Armour: Robe              |    18 |     5 ||    23
  Dodge: Dodged            |    53 |    14 ||    67

Table legend: (Time is in decaauts)
 A = Elapsed time spent in this place.
 B = Non-inter-level travel time spent in this place.
 C = Inter-level travel time spent in this place.
 D = Time resting spent in this place.
 E = Time spent auto-exploring this place.
 F = Levels seen in this place.
 G = Mean time per level.
                   A        B        C        D        E       F      G
               +--------+--------+--------+--------+--------+-----+--------+
         Total |   2296 |   2242 |     54 |      0 |   1629 |   4 |  574.0 |
       Dungeon |   2296 |   2242 |     54 |      0 |   1629 |   4 |  574.0 |
               +--------+--------+--------+--------+--------+-----+--------+

Top non-repeatable levels by time:
     D:3: 794 daAuts
     D:2: 763 daAuts
     D:1: 536 daAuts
     D:4: 201 daAuts
